 Dungeon Crawl Stone Soup version 0.29.1-15-g9cfb28693d (webtiles) character file.

Game seed: 287145769870972773

345 Descartes the Shield-Bearer (level 6, -16/48 HPs)
             Began as a Formicid Fighter on Mar 3, 2023.
             Demolished by an ogre
             ... wielding a +0 giant club
              (33 damage)
             ... on level 4 of the Dungeon.
             The game lasted 00:06:01 (4819 turns).

Descartes the Shield-Bearer (Formicid Fighter)      Turns: 4819, Time: 00:06:01

Health: -16/48     AC:  9    Str: 23    XL:     6   Next: 89%
Magic:  8/8        EV:  9    Int:  7    God:
Gold:   203        SH:  5    Dex: 13    Spells: 8/8 levels left

rFire   . . .      SeeInvis +   B - +2 whip (pain)
rCold   . . .      Faith    .   c - +0 buckler
rNeg    . . .      Spirit   .   b - +0 scale mail
rPois   .          Reflect  .   (helmet unavailable)
rElec   .          Harm     .   y - +1 cloak
rCorr   .          Rampage  .   (no gloves)
Will    .....                   (no boots)
Stlth   ..........              (no amulet)
HPRegen 0.16/turn               (no ring)
MPRegen 0.11/turn               (no ring)

@: no status effects
A: permanent stasis, dig shafts and tunnels, antennae 3, four strong arms
a: Dig, Shaft Self


You were on level 4 of the Dungeon.
You visited 1 branch of the dungeon, and saw 4 of its levels.

You collected 203 gold pieces.

Inventory:

Hand Weapons
 a - a +0 trident
 A - a +0 flail of protection
 B - a +2 whip of pain (weapon)
Missiles
 D - a throwing net
Armour
 b - a +0 scale mail (worn)
 c - a +0 buckler (worn)
 y - a +1 cloak (worn)
 C - a scarf of harm
Jewellery
 E - a +6 ring of intelligence
Scrolls
 e - 4 scrolls of magic mapping {unknown}
 g - a scroll of amnesia {unknown}
 i - 2 scrolls of vulnerability {unknown}
 m - 5 scrolls of identify {unknown}
 n - a scroll of butterflies {unknown}
 o - a scroll of fear {unknown}
 p - 2 scrolls of enchant weapon {unknown}
 s - a scroll of noise {unknown}
 v - a scroll of summoning {unknown}
 w - a scroll of blinking {unknown}
 x - a scroll of poison {unknown}
Potions
 d - 2 potions of might
 f - 2 potions of ambrosia {unknown}
 h - a potion of curing {unknown}
 j - 2 potions of invisibility {unknown}
 k - a potion of haste {unknown}
 l - 5 potions of attraction {unknown}
 q - a potion of degeneration {unknown}
 r - a potion of resistance {unknown}
 t - a potion of berserk rage {unknown}
 u - a potion of heal wounds {unknown}
 z - a potion of lignification {unknown}


   Skills:
 + Level 4.0 Fighting
 + Level 1.7(3.0) Axes
 + Level 1.9(2.3) Maces & Flails
 + Level 2.9(3.2) Polearms
 + Level 3.9 Armour
 + Level 4.8 Shields
 + Level 1.7 Spellcasting
 + Level 1.6 Translocations
 + Level 2.1 Evocations


You had 8 spell levels left.
You didn't know any spells.
Your spell library contained the following spells:

 Spells                   Type           Power      Damage    Failure   Level
 Magic Dart               Conj           0%         1d3       75%         1
 Searing Ray              Conj           0%         2d4       87%         2
 Gell's Gravitas          Tloc           2%         N/A       87%         3
 Lesser Beckoning         Tloc           2%         N/A       87%         3
 Teleport Other           Tloc           2%         N/A       87%         3
 Portal Projectile        Hex/Tloc       2%         N/A       94%         3
 Call Canine Familiar     Summ           0%         N/A       98%         3
 Fulminant Prism          Conj/Hex       0%         3d6       100%        4
 Leda's Liquefaction      Hex/Erth       0%         N/A       100%        4


Dungeon Overview and Level Annotations

Branches:
Dungeon (4/15)
 Temple: D:4-7

Altars:
Zin
Lugonu

Portals:
Abyss: D:4

Annotations:
D:4 2 runed translucent doors, u553311's ghost, amateur HuFi


Innate Abilities, Weirdness & Mutations

You cannot be hasted, slowed, berserked, paralysed or teleported.
You can dig through walls and to a lower floor.
You have a pair of large antennae on your head. (SInv)
Your four strong arms can wield two-handed weapons with a shield.


Message History

You open the door.
An ogre comes into view. It is wielding a +0 giant club.
The ogre shouts!
There is an open door here.
You block the ogre's attack.
You hit the ogre but do no damage. You barely miss the ogre.
The ogre closely misses you.
You hit the ogre.
The ogre is lightly wounded.
The ogre hits you with a +0 giant club.
You hit the ogre.
The ogre is moderately wounded.
The ogre barely misses you.
You whack the ogre!
The ogre is heavily wounded.
You whack the ogre!
The ogre is almost dead.
The ogre hits you with a +0 giant club!!
Ouch! That really hurt!
You are too injured to fight recklessly!
You are too injured to fight recklessly!
You are too injured to fight recklessly!
You are too injured to fight recklessly!
You are too injured to fight recklessly!
You are too injured to fight recklessly!
You are too injured to fight recklessly!
You are too injured to fight recklessly!
You are too injured to fight recklessly!
You are too injured to fight recklessly!
You are too injured to fight recklessly!
You are too injured to fight recklessly!
You are too injured to fight recklessly!
You are too injured to fight recklessly!
You are too injured to fight recklessly!
Unknown command.
You hit the ogre.
The ogre is almost dead.
The ogre hits you with a +0 giant club!!
Ouch! That really hurt!
You die...

..............#.......
#............#..#####
#............####....
#............#..#....
#...............#....
######....................
#......#+#################
#......#.......#
#......'.@O....#
#......##'##...#
#......#..# .#
...........# ............
..######.### .# ##.


You could see an ogre.

Vanquished Creatures
  An ogre (D:4)
  A scorpion (D:4)
  6 gnolls
  5 adders
  2 worms
  2 dart slugs
  8 orcs (D:4)
  9 endoplasms
  5 giant cockroaches
  8 goblins
  8 hobgoblins
  2 jackals (D:1)
  8 kobolds
  2 quokkas
  9 ball pythons
  5 bats
  5 frilled lizards
  A rat (D:1)
  A lurking horror (D:4)
88 creatures vanquished.

Vanquished Creatures (others)
  A plant (D:2)
1 creature vanquished.

Grand Total: 89 creatures vanquished

Notes
Turn   | Place    | Note
-------+----------+-------------------------------------------
     0 | D:1      | Descartes the Formicid Fighter began the quest for the Orb.
     0 | D:1      | Reached XP level 1. HP: 18/18 MP: 1/1
    36 | D:1      | Reached XP level 2. HP: 23/24 MP: 2/2
   414 | D:1      | Reached XP level 3. HP: 29/29 MP: 3/3
  1178 | D:2      | Reached XP level 4. HP: 25/35 MP: 5/5
  1484 | D:2      | Reached skill level 1 in Maces & Flails
  1484 | D:2      | Reached skill level 1 in Evocations
  2060 | D:2      | Reached skill level 1 in Spellcasting
  2060 | D:2      | Reached skill level 1 in Translocations
  2511 | D:2      | Reached skill level 1 in Axes
  2511 | D:2      | Reached XP level 5. HP: 41/41 MP: 6/6
  2914 | D:3      | Found a glowing silver altar of Zin.
  2949 | D:3      | Found a faded altar of an unknown god.
  3439 | D:4      | Found a corrupted altar of Lugonu.
  3583 | D:4      | Found a one-way gate to the infinite horrors of the Abyss.
  3955 | D:4      | Found a large runed translucent door.
  3956 | D:4      | Found a large runed translucent door.
  3960 | D:4      | Noticed u553311's ghost (amateur HuFi)
  4137 | D:4      | Noticed an ogre
  4147 | D:4      | Reached XP level 6. HP: 44/48 MP: 7/7
  4155 | D:4      | Killed an ogre
  4809 | D:4      | Noticed an ogre
  4819 | D:4      | Demolished by an ogre

Illustrated notes

Levels and vault maps discovered:
D:1:      nzn_arrival_water_spiral, layout_basic
D:2:      layout_basic, serial_bayou_lagoon_b
D:3:      layout_rooms, mainiacjoe_overflow_concentric_impassable,
          ebering_ecumenical_altar_webs
D:4:      layout_gridville, ebering_ghost_disaster_area, amethyst_killhole,
          amcnicky_altar_lugonu_corruption

Skill      XL: |  1  2  3  4  5  6 |
---------------+-------------------+-----
Maces & Flails | 1 |  1.9
Evocations     | 1 2 |  2.1
Spellcasting   | 1 |  1.7
Translocations | 1 |  1.6
Axes           | 1 |  1.7
Fighting       | 4 |  4.0
Polearms       | |  2.9
Armour         | |  3.9
Shields        | |  4.8

Action                   |  1- 3 |  4- 6 || total
-------------------------+-------+-------++-------
Melee: Trident           |   100 |   137 ||   237
       Whip              |       |    71 ||    71
Armor: Scale mail        |    48 |    69 ||   117
Dodge: Dodged            |    43 |    85 ||   128
Block: Buckler           |    17 |    44 ||    61
